 Dungeon Crawl Stone Soup version 0.29-a0-813-g4a14ea37d6 (webtiles) character file.

Game seed: 10095300184926802080

142 elite277 the Grave Robber (level 5, -10/35 HPs)
             Began as a Human Necromancer on July 4, 2022.
             Was a Follower of Yredelemnul.
             Killed from afar by Ijyb (22 damage)
             ... with a bolt of light
             ... on level 3 of the Dungeon.
             The game lasted 00:11:04 (3031 turns).

elite277 the Grave Robber (Human Necromancer)       Turns: 3031, Time: 00:11:05

Health: -10/35     AC:  3    Str:  8    XL:     5   Next: 49%
Magic:  10/10      EV: 12    Int: 17    God:    Yredelemnul [*.....]
Gold:   87         SH:  0    Dex: 14    Spells: 6/10 levels left

rFire   . . .      SeeInvis .   k - staff of conjuration
rCold   . . .      Faith    .   (no shield)
rNeg    . . .      Spirit   .   a - +0 robe
rPois   .          Reflect  .   (no helmet)
rElec   .          Harm     .   (no cloak)
rCorr   .          Rampage  .   l - +0 pair of gloves
Will    .....                   (no boots)
Stlth   +.........              (no amulet)
HPRegen 0.11/turn               (no ring)
MPRegen 0.12/turn               (no ring)

@: confused, on berserk cooldown, hasted and slowed
A: no striking features
a: Renounce Religion, Recall Undead Harvest


You were on level 3 of the Dungeon.
You worshipped Yredelemnul.
Yredelemnul was noncommittal.
You visited 1 branch of the dungeon, and saw 3 of its levels.

You collected 87 gold pieces.

Inventory:

Missiles
 d - 3 poisoned darts
Armour
 a - a +0 robe (worn)
 l - a +0 pair of gloves (worn)
Magical Staves
 k - a staff of conjuration (weapon)
Scrolls
 c - 3 scrolls of silence {unknown}
 e - 2 scrolls of identify {unknown}
 g - a scroll of teleportation {unknown}
 j - 3 scrolls of enchant weapon {unknown}
Potions
 b - a potion of magic
 h - a potion of haste


   Skills:
 + Level 0.2 Fighting
 + Level 0.1 Throwing
 + Level 2.2 Dodging
 - Level 2.0 Stealth
 + Level 3.3 Spellcasting
 + Level 5.4 Necromancy


You had 6 spell levels left.
You knew the following spells:

 Your Spells              Type           Power      Damage    Failure   Level
a - Necrotise             Necr           84%        1d8       1%          1
b - Vampiric Draining     Necr           21%        2d7       5%          3

Your spell library contained the following spells:

 Spells                   Type           Power      Damage    Failure   Level
 Gell's Gravitas          Tloc           2%         N/A       45%         3
 Teleport Other           Tloc           2%         N/A       45%         3
 Agony                    Necr           21%        N/A       45%         5
 Dispersal                Tloc           1%         N/A       100%        6
 Animate Dead             Necr           Unusable   N/A       N/A         4

Dungeon Overview and Level Annotations

Branches:
Dungeon (3/15)

Altars:
Yredelemnul

Annotations:
D:1 1 runed translucent door
D:3 Ijyb


Message History

It was a potion of ambrosia.
You are more confused.
You feel invigorated. Ijyb closely misses your rat zombie.
It was a potion of berserk rage.
A red film seems to cover your vision as you go berserk!
You feel yourself moving faster!
You feel mighty!
Unknown command.
You feel a strong urge to attack something.
Ijyb hits your rat zombie with a +0 dagger.
Your rat zombie is destroyed!
Ijyb zaps a wand.
The bolt of light hits your adder zombie!!
Your adder zombie is destroyed!
The bolt of light hits you!
You are more confused.
* * * LOW HITPOINT WARNING * * *
You are too confused!
You are too berserk!
Ijyb is nearby!
You are too berserk!
You are too berserk!
You feel your anger nearly subside.
Your endoplasm zombie barely misses Ijyb.
You are no longer berserk.
You are exhausted.
You feel yourself slow down.
Your endoplasm zombie barely misses Ijyb.
You feel less invigorated.
Your giant cockroach zombie closely misses Ijyb.
Ijyb hits your giant cockroach zombie with a +0 dagger.
Your giant cockroach zombie barely misses Ijyb.
Your jackal zombie bites Ijyb but does no damage.
Your endoplasm zombie hits Ijyb but does no damage.
Ijyb zaps a wand.
The bolt of light hits your giant cockroach zombie!
Your giant cockroach zombie is destroyed!
The bolt of light hits you!!
Ouch! That really hurt!
You die...
Your body rises from the dead as a mindless zombie.

.. ## .....#........
#.###.#.......
#.###.###......
#.##..(##.....
#.#.#.#(#....
#.#..#((#Zg..
#######.#.#(#(#Z.#
......#.##.((##Z@#
..###.#..#####Z.#####.
#......................
#.###.##.......##.#####
#>................Z#
#.###.########.##....
#.# #.# ..# ....#
#####.# ##... ..#
....#.# ..# ...


You could see Ijyb (ally target), 8 dancing weapons, a friendly jackal zombie, 2
friendly endoplasm zombies and a friendly hobgoblin zombie.

Vanquished Creatures
  2 adders
  A worm (D:2)
  A dart slug (D:2)
  2 bats
  3 endoplasms
  4 giant cockroaches
  A goblin (D:3)
  3 hobgoblins
  9 jackals
  3 quokkas
  3 ball pythons (D:1)
  7 kobolds
  2 rats
41 creatures vanquished.

Vanquished Creatures (collateral kills)
  Terence (D:2)
  Natasha (D:3)
  2 dart slugs (D:1)
  3 endoplasms
  A goblin (D:1)
  2 hobgoblins (D:1)
  A kobold (D:1)
  A ball python (D:1)
  A bat (D:1)
  2 frilled lizards (D:1)
15 creatures vanquished.

Vanquished Creatures (others)
  An adder zombie (D:3)
  2 bat zombies (D:1)
  A giant cockroach zombie (D:3)
  A hobgoblin zombie (D:2)
  2 jackal zombies (D:2)
  A quokka zombie (D:2)
  A rat zombie (D:3)
9 creatures vanquished.

Grand Total: 65 creatures vanquished

Notes
Turn   | Place    | Note
-------+----------+-------------------------------------------
     0 | D:1      | elite277 the Human Necromancer began the quest for the Orb.
     0 | D:1      | Reached XP level 1. HP: 13/13 MP: 3/3
     0 | D:1      | Noticed a jelly
     1 | D:1      | Found a runed translucent door.
    33 | D:1      | Found a faded altar of an unknown god.
    36 | D:1      | Prayed at the altar of an unknown god.
    36 | D:1      | Became a worshipper of Yredelemnul the Dark
    36 | D:1      | Reached * piety under Yredelemnul
   179 | D:1      | Reached XP level 2. HP: 19/19 MP: 1/5
   470 | D:1      | Reached XP level 3. HP: 22/24 MP: 1/6
   515 | D:1      | Reached ** piety under Yredelemnul
  1322 | D:2      | Learned a level 3 spell: Vampiric Draining
  1932 | D:2      | Reached XP level 4. HP: 30/30 MP: 4/8
  2020 | D:2      | Noticed Terence
  2041 | D:2      | Killed Terence
  2042 | D:2      | Reached skill level 5 in Necromancy
  2822 | D:3      | Reached XP level 5. HP: 34/35 MP: 3/9
  2887 | D:3      | Noticed Natasha
  2901 | D:3      | Killed Natasha
  3000 | D:3      | Noticed a +0 dagger
  3001 | D:3      | Noticed a +0 short sword
  3002 | D:3      | Noticed a +0 dagger
  3002 | D:3      | Noticed a +0 falchion
  3002 | D:3      | Noticed a +0 short sword
  3003 | D:3      | Noticed a +0 spear
  3003 | D:3      | Noticed a +0 falchion
  3003 | D:3      | Noticed a +0 spear
  3019 | D:3      | Noticed Ijyb
  3031 | D:3      | Killed from afar by Ijyb

Illustrated notes

Levels and vault maps discovered:
D:1:      dpeg_arrival_caged_fury, layout_basic, serial_aquarium,
          aquarium_bridge_square [aquarium_subvault_balcony,
          aquarium_subvault_bridge, aquarium_subvault_bridge,
          aquarium_subvault_window], aquarium_bridge_straight
          [aquarium_subvault_bridge, aquarium_subvault_wall,
          aquarium_subvault_bridge, aquarium_subvault_window],
          aquarium_window_1, aquarium_window_2, aquarium_window_fake,
          aquarium_view_2c, aquarium_balcony_3b,
          hellmonk_ecumenical_altar_inner_sanctum
D:2:      layout_basic, uniq_terence
D:3:      layout_basic, nicolae_uskayaw_en_pointe, uniq_natasha, uniq_ijyb

Skill      XL: |  1  2  3  4 |
---------------+-------------+-----
Spellcasting   | 3 |  3.3
Necromancy     | 5 |  5.4
Fighting       | |  0.2
Throwing       | |  0.1
Dodging        | |  2.2
Stealth        | |  2.0

Action                   |  1- 3 |  4- 6 || total
-------------------------+-------+-------++-------
Melee: Unarmed           |     3 |       ||     3
       Staff             |       |    14 ||    14
Throw: Dart              |       |     2 ||     2
 Cast: Necrotise         |    47 |    38 ||    85
       Vampiric Draining |     1 |     2 ||     3
  Use: Potion            |       |     3 ||     3
Armor: Robe              |       |     9 ||     9
Dodge: Dodged            |     9 |    28 ||    37

Table legend: (Time is in decaauts)
 A = Elapsed time spent in this place.
 B = Non-inter-level travel time spent in this place.
 C = Inter-level travel time spent in this place.
 D = Time resting spent in this place.
 E = Time spent auto-exploring this place.
 F = Levels seen in this place.
 G = Mean time per level.
                   A        B        C        D        E       F      G
               +--------+--------+--------+--------+--------+-----+--------+
         Total |   3030 |   2924 |    106 |    351 |   1745 |   3 | 1010.0 |
       Dungeon |   3030 |   2924 |    106 |    351 |   1745 |   3 | 1010.0 |
               +--------+--------+--------+--------+--------+-----+--------+

Top non-repeatable levels by time:
     D:2: 1470 daAuts
     D:1: 1306 daAuts
     D:3: 254 daAuts
